 Dungeon Crawl Stone Soup version 0.29.1-4-g47bece8355 (webtiles) character file.

Game seed: 6359008179692309308

2750 javelincjr the Thaumaturge (level 9, 0/57 HPs)
             Began as a Deep Elf Conjurer on Dec 2, 2022.
             Was a Believer of Vehumet.
             Slain by an orc warrior
             ... wielding a +0 war axe
              (18 damage)
             ... in a bailey.
             The game lasted 01:03:13 (8001 turns).

javelincjr the Thaumaturge (Deep Elf Conjurer)      Turns: 8001, Time: 01:03:14

Health: 0/57       AC:  7    Str:  8    XL:     9   Next: 41%
Magic:  5/25       EV: 13    Int: 30    God:    Vehumet [**....]
Gold:   361        SH:  8    Dex: 13    Spells: 23/28 levels left

rFire   . . .      SeeInvis .   w - +8 dagger of Apniekhi {speed, rElec rN+}
rCold   . . .      Faith    +   v - +1 kite shield of the Gloaming {rPois Str+4}
rNeg    + . .      Spirit   .   e - +1 ring mail of Magic {Int+2}
rPois   +          Reflect  .   (no helmet)
rElec   +          Harm     .   (no cloak)
rCorr   .          Rampage  .   r - +0 pair of gloves
Will    .....                   (no boots)
Stlth   ++........              j - amulet of faith
HPRegen 0.19/turn               F - +4 ring of evasion
MPRegen 0.19/turn               C - ring of wizardry

@: no status effects
A: robust 2
a: Renounce Religion


You were in a bailey.
You worshipped Vehumet.
Vehumet was pleased with you.
You visited 2 branches of the dungeon, and saw 9 of its levels.
You also visited: Bailey.

You collected 361 gold pieces.

Inventory:

Hand Weapons
 f - a +0 short sword
 h - a +0 dagger of venom
 w - the +8 dagger of Apniekhi (weapon) {speed, rElec rN+}
   (You found it on level 6 of the Dungeon)

   Attacks with this weapon are significantly faster.
   rElec:     It insulates you from electricity.
   rN:        It protects you from negative energy.
 z - a +0 hand axe of flaming
 A - a +1 vampiric whip
 E - a +3 halberd
Missiles
 i - 21 boomerangs
 o - 15 poisoned darts
Armour
 a - a +0 robe
 e - the +1 ring mail of Magic (worn) {Int+2}
   (You took it off an orc on level 5 of the Dungeon)

   Int:       It affects your intelligence (+2).
 m - a +2 robe of willpower
 n - a +0 animal skin
 p - a +0 helmet
 r - a +0 pair of gloves (worn)
 t - the +3 robe "Celysuq" {rF++}
   (You found it on level 3 of the Dungeon)

   rF:        It greatly protects you from fire.
 v - the +1 kite shield of the Gloaming (worn) {rPois Str+4}
   (You found it on level 5 of the Dungeon)

   Str:       It affects your strength (+4).
   rPois:     It protects you from poison.
Magical Staves
 s - a staff of death
Jewellery
 c - a ring of poison resistance
 j - an amulet of faith (around neck)
 C - a ring of wizardry (right hand)
 F - a +4 ring of evasion (left hand)
 G - a ring of resist corrosion
Scrolls
 d - a scroll of immolation
 g - 5 scrolls of identify
 k - a scroll of blinking
 q - a scroll of teleportation
 y - 2 scrolls of brand weapon {unknown}
 B - a scroll of enchant armour {unknown}
Potions
 b - a potion of magic
 l - a potion of curing
 u - a potion of might {unknown}
 x - 2 potions of haste
 D - a potion of brilliance {unknown}


   Skills:
 + Level 1.8 Fighting
 + Level 1.9 Short Blades
 + Level 3.0 Armour
 + Level 4.2 Dodging
 + Level 5.1 Stealth
 + Level 0.9 Shields
 + Level 10.3 Spellcasting
 + Level 9.1 Conjurations
 + Level 1.8 Air Magic
 + Level 1.2 Poison Magic


You had 23 spell levels left.
You knew the following spells:

 Your Spells              Type           Power      Damage    Failure   Level
a - Magic Dart            Conj           100%       1d8       1%          1
b - Searing Ray           Conj           100%       2d8       1%          2
c - Poisonous Vapours     Pois/Air       48%        N/A       12%         2

Your spell library contained the following spells:

 Spells                   Type           Power      Damage    Failure   Level
 Freeze                   Ice            60%        1d8       14%         1
 Dazzling Flash           Conj/Hex       86%        N/A       6%          3
 Beastly Appendage        Tmut           30%        N/A       14%         1
 Wereblood                Tmut           15%        N/A       21%         2
 Fulminant Prism          Conj/Hex       21%        3d13      21%         4
 Iskenderun's Mystic Bla  Conj/Tloc      43%        2d10      21%         4
 Ignite Poison            Fire/Tmut/Pois 17%        N/A       32%         3
 Spider Form              Tmut/Pois      19%        N/A       32%         3
 Gell's Gravitas          Tloc           15%        N/A       38%         3
 Teleport Other           Tloc           15%        N/A       38%         3
 Dispersal                Tloc           7%         N/A       100%        6
 Eringya's Noxious Bog    Tmut/Pois      9%         N/A       100%        6
 Malign Gateway           Summ/Tloc      7%         N/A       100%        7
 Summon Horrible Things   Summ           7%         N/A       100%        8


Dungeon Overview and Level Annotations

Branches:
Dungeon (8/15)             Temple (1/1) D:4          Bailey (1/1)
   Lair: D:8-11

Altars:
Ashenzari
Cheibriados
Dithmenos
Hepliaklqana
Kikubaaqudgha
Makhleb
Nemelex Xobeh
Qazlal
Ru
Trog
Uskayaw
Vehumet
Wu Jian
Xom
Zin
The Shining One

Shops:
D:2 =   D:4 **


Innate Abilities, Weirdness & Mutations

You are very robust. (+20% HP)


Message History

Confirm with . or Enter, or press ? or * to list all spells.
Aiming: Searing Ray (safe; 1% risk of failure)
Press: ? - help, Shift-Dir - straight line, f/p - goblin
Aim: a goblin, wielding a +0 hand axe and wearing a +0 leather armour (moderately wounded, 79% to hit)
The searing ray hits the goblin!
You kill the goblin!
Vehumet accepts your kill. (Press . to maintain the ray.)
You hear a shout! x4
Things that are here:
a +0 war axe; a +0 scale mail; an orc corpse The orc warrior shouts!
Things that are here:
a +0 war axe; a +0 scale mail; an orc corpse
Casting: Searing Ray (safe; 1% risk of failure)
Confirm with . or Enter, or press ? or * to list all spells.
Aiming: Searing Ray (safe; 1% risk of failure)
Press: ? - help, Shift-Dir - straight line, f - orc warrior
Aim: an orc warrior, wielding a +0 war axe and wearing a +0 scale mail (79% to hit)
The searing ray hits the orc warrior.
The orc warrior is moderately wounded. (Press . to maintain the ray.)
The searing ray hits the orc warrior!
The orc warrior is heavily wounded.
The orc warrior closely misses you.
The searing ray misses the orc warrior.
The orc warrior misses you.
The searing ray hits the orc warrior.
The orc warrior is heavily wounded.
You finish channelling your searing ray.
The orc warrior hits you with a +0 war axe!
Casting: Searing Ray (safe; 1% risk of failure)
Confirm with . or Enter, or press ? or * to list all spells.
Aiming: Searing Ray (safe; 1% risk of failure)
Press: ? - help, Shift-Dir - straight line, f/p - orc warrior
Aim: an orc warrior, wielding a +0 war axe and wearing a +0 scale mail (heavily wounded, 79% to hit)
The searing ray hits the orc warrior!
The orc warrior is almost dead. (Press . to maintain the ray.)
The orc warrior hits you with a +0 war axe!!
You die...

## .# #.
######.#############
........†@o........####
..#########)).........##
##'#.........##
#..#....⌠.....#
#..###.......## ##..'
#.†...###
^...###.)....#### . #
####+####.o#....†≈≈≈≈≈≈≈
≈≈##
#.......####..≈~≈≈≈≈≈≈≈#


You could see an orc warrior.

Vanquished Creatures
  2 water moccasins
  Duvessa (D:6)
  An ice beast (D:5)
  3 orc warriors
  A sky beast (D:4)
  2 black bears (D:5)
  2 ogres
  3 centaurs
  A phantom (D:5)
  4 bullfrogs
  A scorpion (D:6)
  5 wights (D:8)
  Dowan (D:6)
  2 howler monkeys
  4 jellies
  A hound (D:6)
  4 orc priests
  4 iguanas
  2 orc wizards (D:5)
  Robin (D:4)
  7 adders
  A worm (D:4)
  4 dart slugs
  19 orcs
  14 ball pythons
  2 bats
  6 endoplasms
  4 giant cockroaches
  24 goblins
  7 hobgoblins
  2 jackals (D:2)
  4 quokkas
  3 frilled lizards
  16 kobolds
  4 rats
162 creatures vanquished.

Vanquished Creatures (others)
  2 plants (D:4)
2 creatures vanquished.

Grand Total: 164 creatures vanquished

Notes
Turn   | Place    | Note
-------+----------+-------------------------------------------
     0 | D:1      | javelincjr the Deep Elf Conjurer began the quest for the
                  | Orb.
     0 | D:1      | Reached XP level 1. HP: 10/10 MP: 6/6
   229 | D:1      | Reached XP level 2. HP: 15/15 MP: 5/8
   430 | D:1      | Reached skill level 5 in Conjurations
   593 | D:2      | Found a faded altar of an unknown god.
   611 | D:1      | Learned a level 2 spell: Searing Ray
   935 | D:2      | Reached XP level 3. HP: 19/19 MP: 5/10
  1045 | D:2      | Found Fetentum's Jewellery Shop.
  1492 | D:2      | Reached skill level 4 in Spellcasting
  1492 | D:2      | Reached XP level 4. HP: 20/24 MP: 1/12
  1691 | D:4      | Noticed Robin
  2202 | D:4      | Noticed a sky beast
  2303 | D:3      | Identified the +3 robe "Celysuq" {rF++}
  2887 | D:4      | Found Veqyatir's Assorted Antiques.
  2891 | D:5      | Entered Level 5 of the Dungeon
  3302 | D:4      | Killed Robin
  3416 | D:4      | Reached XP level 5. HP: 9/28 MP: 3/13
  3643 | D:4      | Found a faded altar of an unknown god.
  3643 | D:4      | Found a hazy altar of Hepliaklqana.
  3651 | D:4      | Found a glowing silver altar of Zin.
  3656 | D:4      | Found an ancient bone altar of Kikubaaqudgha.
  3663 | D:4      | Found a sacrificial altar of Ru.
  3754 | D:4      | Gained mutation: You are robust. (+10% HP) [potion of
                  | mutation]
  3754 | D:4      | Gained mutation: You are very robust. (+20% HP) [potion of
                  | mutation]
  3803 | D:4      | Noticed an ogre
  3843 | D:4      | Killed an ogre
  3844 | D:4      | Reached skill level 1 in Short Blades
  3844 | D:4      | Reached skill level 5 in Spellcasting
  3956 | D:5      | Reached XP level 6. HP: 39/39 MP: 11/15
  4056 | D:5      | Reached skill level 1 in Fighting
  4231 | D:4      | Got the Verses on Toxins
  4235 | D:4      | Learned a level 2 spell: Poisonous Vapours
  4248 | D:4      | Found Reyrofey's CLEARANCE SALE!.
  4266 | D:4      | Killed a sky beast
  4267 | D:4      | Reached skill level 6 in Spellcasting
  4267 | D:4      | Reached XP level 7. HP: 45/45 MP: 12/18
  4359 | D:4      | Found a staircase to the Ecumenical Temple.
  4395 | Temple   | Entered the Ecumenical Temple
  4434 | Temple   | Became a worshipper of Vehumet
  4564 | D:5      | Identified the +1 ring mail of Magic {Int+2}
  4931 | D:5      | Reached skill level 5 in Stealth
  4931 | D:5      | Reached skill level 7 in Spellcasting
  5314 | D:5      | Reached XP level 8. HP: 51/51 MP: 10/21
  5363 | D:5      | Reached * piety under Vehumet
  5363 | D:5      | Offered knowledge of Sandblast by Vehumet.
  5384 | D:5      | Identified the +1 kite shield of the Gloaming {rPois Str+4}
  5727 | D:6      | Identified the +8 dagger of Apniekhi {speed, rElec rN+}
  5846 | D:6      | Reached skill level 8 in Spellcasting
  5913 | D:6      | Reached skill level 1 in Armour
  6145 | D:6      | Reached skill level 9 in Spellcasting
  6183 | D:6      | Reached skill level 1 in Air Magic
  6225 | D:6      | Noticed Duvessa
  6226 | D:6      | Noticed Dowan
  6231 | D:6      | Killed Dowan
  6236 | D:6      | Killed Duvessa
  6600 | D:6      | Reached skill level 1 in Poison Magic
  7404 | D:7      | Reached XP level 9. HP: 33/57 MP: 17/24
  7718 | D:8      | Reached skill level 10 in Spellcasting
  7786 | D:8      | Found a flagged portal.
  7795 | D:8      | Offered knowledge of Freeze by Vehumet.
  7809 | Bailey   | Entered a bailey
  7869 | Bailey   | Reached ** piety under Vehumet
  8001 | Bailey   | Slain by an orc warrior

Illustrated notes

Levels and vault maps discovered:
D:1:      onia_arrival_pyramid, layout_rooms, roderic_lattice_a
D:2:      layout_rooms, serial_shops, nicolae_shop_stone,
          shapermc_ecumenical_altar_starsandcircs, minmay_misc_feat_x
D:3:      layout_loops_ring, kennysheep_cluttered_room, corexii_hall_statues_i
D:4:      layout_gridville, chequers_temple_overflow_minitemple,
          minmay_temple_entry_arrows, serial_shops,
          nicolae_shop_overgrown_old_shop, nicolae_shop_clearance, uniq_robin
D:5:      layout_loops_ring, kennysheep_generic_room_11
D:6:      layout_layer_cave, minmay_splitting_lines, grunt_decor_arrowhead,
          uniq_duvessa
D:7:      layout_basic, serial_shops, nicolae_shop_window_shopping
D:8:      layout_gridville, lemuel_crystal_altar,
          chequers_temple_overflow_statue_of_worship, enter_bailey_5,
          uniq_joseph
Temple:   nicolae_temple_ecumenical_triangle
Bailey:   bailey_axe_4, bailey

Skill      XL: |  1  2  3  4  5  6  7  8  9 |
---------------+----------------------------+-----
Conjurations   | 5 6 7 8 9 |  9.1
Spellcasting   | 4 5 6 7 9 10 | 10.3
Stealth        | 3 4 5 |  5.1
Short Blades   | 1 |  1.9
Dodging        | 3 4 |  4.2
Fighting       | 1 |  1.8
Armour         | 2 3 |  3.0
Air Magic      | 1 |  1.8
Poison Magic   | 1 |  1.2
Shields        | |  0.9

Action                   |  1- 3 |  4- 6 |  7- 9 || total
-------------------------+-------+-------+-------++-------
Melee: Dagger            |    11 |    26 |     7 ||    44
       Punch             |     1 |     2 |       ||     3
 Cast: Magic Dart        |    54 |    35 |    73 ||   162
       Searing Ray       |     4 |    21 |    49 ||    74
       Poisonous Vapours |       |       |     2 ||     2
  Use: Scroll            |       |     6 |     1 ||     7
       Potion            |       |     5 |     1 ||     6
 Stab: Sleeping          |     1 |     2 |       ||     3
Armor: Robe              |     3 |    20 |       ||    23
       Ring mail         |       |       |    10 ||    10
Dodge: Dodged            |    12 |    36 |    15 ||    63
Block: Kite shield       |       |       |    15 ||    15
